 Dungeon Crawl Stone Soup version 0.30.0 (webtiles) character file.

Game seed: 4920483000197322053

548 Dani the Chopper (level 7, 34/52 HPs)
             Began as a Demonspawn Fighter on May 20, 2023.
             Was a Follower of Okawaru.
             Quit the game on level 3 of the Dungeon.
             The game lasted 00:05:15 (2424 turns).

Dani the Chopper (Demonspawn Fighter)               Turns: 2424, Time: 00:05:15

Health: 34/52      AC: 10    Str: 16    XL:     7   Next: 7%
Magic:  7/7        EV:  8    Int: 12    God:    Okawaru [*.....]
Gold:   88         SH: 10    Dex: 12    Spells: 6/6 levels left

rFire   . . .        a - +0 war axe
rCold   + . .        f - +0 buckler
rNeg    . . .        b - +0 scale mail
rPois   .            (no helmet)
rElec   .            (no cloak)
rCorr   .            (no gloves)
SInv    .            (no boots)
Will    .....        (no amulet) Stlth
                     e - +4 ring of protection
HPRegen 0.28/turn    c - ring of protection from cold
MPRegen 0.10/turn

%: no passive effects
@: hasted, very quick
A: claws 1, large bone plates 2, powered by pain 2, corrupting presence 1
a: Renounce Religion, Heroism


You were on level 3 of the Dungeon.
You worshipped Okawaru.
Okawaru was aware of your devotion.
You visited 2 branches of the dungeon, and saw 5 of its levels.

You collected 88 gold pieces.

Inventory:

Hand Weapons
 a - a +0 war axe (weapon)
Armour
 b - a +0 scale mail (worn)
 f - a +0 buckler (worn)
 m - the +1 leather armour of the Teacher {rF++ Dex+4}
   (You found it on level 3 of the Dungeon)

   Dex:       It affects your dexterity (+4).
   rF:        It greatly protects you from fire.
Jewellery
 c - a ring of protection from cold (right claw)
   (You found it on level 2 of the Dungeon)
 e - a +4 ring of protection (left claw)
   (You found it on level 2 of the Dungeon)
 j - a ring of ice
   (You found it on level 3 of the Dungeon)
Scrolls
 h - a scroll of poison
 k - a scroll of teleportation {unknown}
 R - 2 scrolls of identify {@r1}
Potions
 i - a potion of attraction {unknown}
 l - a potion of lignification {unknown}
 H - a potion of haste
 Q - 3 potions of curing {@q1}


   Skills:
 - Level 3.0 Fighting
 + Level 7.1 Axes
 - Level 2.6 Armour
 - Level 2.6 Shields


You had 6 spell levels left.
You didn't know any spells.
Your spell library contained the following spells:

 Spells                   Type           Power      Damage    Failure   Level
 Beastly Appendage        Tmut           0%         N/A       83%         1
 Wereblood                Tmut           0%         N/A       93%         2
 Spider Form              Tmut/Pois      0%         N/A       99%         3


Dungeon Overview and Level Annotations

Branches:
Dungeon (4/15)             Temple (1/1) D:4

Altars:
Cheibriados
Fedhas
Gozag
Hepliaklqana
Makhleb
Nemelex Xobeh
Okawaru
Sif Muna
Yredelemnul

Annotations:
D:3 2 transporters, aor's ghost, amateur GrFi


Innate Abilities, Weirdness & Mutations

You have sharp fingernails.
You are mostly covered in large bone plates. (SH +6)
You sometimes gain power by taking damage.
Your presence sometimes corrodes those you injure.


Message History

Okawaru accepts your kill.
Pikel hits you with a +0 whip of freezing.
* * * LOW HITPOINT WARNING * * *
You feel yourself speed up.
Pikel hits you with a +0 whip of freezing.
* * * LOW HITPOINT WARNING * * *
Pikel freezes you.
* * * LOW HITPOINT WARNING * * *
It was a potion of heal wounds.
You feel much better. Pikel hits you but does no damage.
You barely miss Pikel.
Pikel is lightly wounded.
Pikel hits you but does no damage.
You hit Pikel but do no damage.
Pikel is lightly wounded.
You slash Pikel!
Pikel is moderately wounded.
Pikel hits you but does no damage.
You barely miss Pikel.
Pikel is moderately wounded.
Pikel hits you with a +0 whip of freezing.
Pikel freezes you.
You closely miss Pikel.
Pikel is moderately wounded.
Pikel hits you with a +0 whip of freezing.
Pikel freezes you.
You hit Pikel.
Pikel is moderately wounded.
Pikel says, "It's all about the gold, really."
Pikel hits you with a +0 whip of freezing!
* * * LOW HITPOINT WARNING * * *
Pikel freezes you.
* * * LOW HITPOINT WARNING * * *
You closely miss Pikel.
Pikel is moderately wounded.
Pikel hits you with a +0 whip of freezing.
* * * LOW HITPOINT WARNING * * *
Pikel freezes you.
* * * LOW HITPOINT WARNING * * *
You closely miss Pikel.
Pikel is moderately wounded.
You hit Pikel but do no damage.
Pikel is moderately wounded.
Pikel hits you but does no damage.
You hit Pikel.
Pikel is heavily wounded.
Pikel hits you with a +0 whip of freezing.
* * * LOW HITPOINT WARNING * * *
You hit Pikel.
Pikel is heavily wounded.
Pikel hits you with a +0 whip of freezing.
* * * LOW HITPOINT WARNING * * *
You feel much better.
Pikel hits you with a +0 whip of freezing.
You closely miss Pikel.
Pikel is heavily wounded.
You hit Pikel.
Pikel is severely wounded.
You block Pikel's attack.
You hit Pikel.
Pikel is almost dead.
Pikel hits you with a +0 whip of freezing.
* * * LOW HITPOINT WARNING * * *
You hit Pikel.
Pikel is almost dead.
Pikel hits you but does no damage.
You barely miss Pikel.
Pikel is almost dead.
Pikel hits you with a +0 whip of freezing.
* * * LOW HITPOINT WARNING * * *
You hit Pikel.
Pikel is almost dead.
Pikel hits you but does no damage.
You closely miss Pikel.
Pikel is almost dead.
Pikel closely misses you.
You hit Pikel but do no damage.
Pikel is almost dead.
Pikel closely misses you.
You barely miss Pikel.
Pikel is almost dead.
Pikel hits you but does no damage.
You closely miss Pikel.
Pikel is almost dead.
Pikel barely misses you.
You hit Pikel.
You kill Pikel!
Okawaru is honoured by your kill.
You can now gain great but temporary skills.
Your Axes skill gained 3 levels and is now at level 7!
You have reached level 5!
Your demonic ancestry asserts itself...
Large bone plates grow over parts of your arms.
You have reached level 6!
Your demonic ancestry asserts itself...
Large bone plates spread over more of your arms.
You have reached level 7!
Your demonic ancestry asserts itself...
You feel corrupt.
Are you sure you want to abandon this character and quit the game? (Confirm with "yes".)

########...)............
#(..............)
#................
#................
##...............#
#.................
#................#
#.)..............#
#@...............#
#................#
#..........<.....#
##...............#
##.....#........#
##########.....# #.....#
#######


There were no monsters in sight!

Vanquished Creatures
  Pikel (D:3)
  An orc wizard (D:4)
  4 dart slugs (D:1)
  8 orcs
  2 bats (D:1)
  4 endoplasms (D:1)
  3 giant cockroaches
  5 goblins
  5 hobgoblins
  8 jackals (D:2)
  4 ball pythons
  4 frilled lizards
  10 kobolds
  4 rats (D:1)
63 creatures vanquished.

Vanquished Creatures (others)
  A fungus (D:1)
1 creature vanquished.

Grand Total: 64 creatures vanquished

Notes
Turn   | Place    | Note
-------+----------+-------------------------------------------
     0 | D:1      | Dani the Demonspawn Fighter began the quest for the Orb.
     0 | D:1      | Reached XP level 1. HP: 18/18 MP: 1/1
    35 | D:1      | Reached skill level 2 in Axes
    47 | D:1      | Gained mutation: You sometimes gain a little power by
                  | taking damage. [demonic ancestry]
    47 | D:1      | Reached XP level 2. HP: 7/24 MP: 2/2
   424 | D:1      | Reached skill level 3 in Axes
   651 | D:1      | Gained mutation: You sometimes gain power by taking damage.
                  | [demonic ancestry]
   651 | D:1      | Reached XP level 3. HP: 26/29 MP: 3/3
   753 | D:1      | Found a faded altar of an unknown god.
  1847 | D:3      | Gained mutation: You have sharp fingernails. [demonic
                  | ancestry]
  1847 | D:3      | Reached XP level 4. HP: 14/35 MP: 4/4
  1855 | D:3      | Identified the +1 leather armour of the Teacher {rF++
                  | Dex+4}
  1887 | D:3      | Reached skill level 4 in Axes
  1963 | D:3      | Found a transporter.
  1968 | D:3      | Found a transporter.
  1968 | D:3      | Noticed aor's ghost (amateur GrFi)
  2096 | D:4      | Found a staircase to the Ecumenical Temple.
  2105 | Temple   | Entered the Ecumenical Temple
  2112 | Temple   | Became a worshipper of Warmaster Okawaru
  2203 | D:4      | HP: 8/35 [something (2)]
  2330 | D:4      | Noticed an ogre
  2377 | D:4      | Noticed Pikel
  2377 | D:4      | Noticed a lemure
  2378 | D:4      | Noticed a lemure
  2379 | D:4      | Noticed a lemure
  2379 | D:4      | Noticed a lemure
  2399 | D:3      | HP: 7/35 [Pikel/+0 whip of freezing (4)]
  2423 | D:3      | Killed Pikel
  2423 | D:3      | Reached * piety under Okawaru
  2424 | D:3      | Reached skill level 7 in Axes
  2424 | D:3      | Gained mutation: You are partially covered in large bone
                  | plates. (SH +4) [demonic ancestry]
  2424 | D:3      | Reached XP level 5. HP: 26/41 MP: 5/5
  2424 | D:3      | Gained mutation: You are mostly covered in large bone
                  | plates. (SH +6) [demonic ancestry]
  2424 | D:3      | Reached XP level 6. HP: 30/47 MP: 6/6
  2424 | D:3      | Gained mutation: Your presence sometimes corrodes those you
                  | injure. [demonic ancestry]
  2424 | D:3      | Reached XP level 7. HP: 34/52 MP: 7/7
  2424 | D:3      | Quit the game

Illustrated notes

Levels and vault maps discovered:
D:1:      minmay_arrival_jagged, layout_loops_cross, serial_aquarium,
          aquarium_bridge_long_separate [aquarium_subvault_bridge,
          aquarium_subvault_bridge, aquarium_subvault_wall,
          aquarium_subvault_bridge, aquarium_subvault_wall,
          aquarium_subvault_bridge], aquarium_bridge_square
          [aquarium_subvault_wall, aquarium_subvault_bridge,
          aquarium_subvault_window, aquarium_subvault_bridge],
          aquarium_window_corridor_2, aquarium_window_fake,
          aquarium_window_fake, aquarium_window_1, aquarium_view_2b,
          aquarium_view_2e, aquarium_pool_1, shapermc_ecumenical_altar_ellora,
          st_stairs_3
D:2:      layout_basic
D:3:      layout_rooms, gammafunk_ghost_arena, minmay_misc_feat_enclosed
D:4:      layout_rooms, temple_pool_b, uniq_pikel
Temple:   compressed_dpeg_triangle_lava_temple

Skill      XL: |  1  2  3  4 |
---------------+-------------+-----
Axes           | 2 3 7 |  7.1
Fighting       | |  3.0
Armour         | |  2.6
Shields        | |  2.6

Action                     |  1- 3 |  4- 6 |  7- 9 || total
---------------------------+-------+-------+-------++-------
  Melee: War axe           |   140 |    68 |       ||   208
    Use: Scroll            |     6 |       |       ||     6
         Potion            |       |     5 |       ||     5
 Armour: Scale mail        |    75 |    41 |       ||   116
  Dodge: Dodged            |    42 |    15 |       ||    57
  Block: Buckler           |    27 |     8 |       ||    35

Levels and vault maps discovered:
D:1:      minmay_arrival_jagged, layout_loops_cross, serial_aquarium,
          aquarium_bridge_long_separate [aquarium_subvault_bridge,
          aquarium_subvault_bridge, aquarium_subvault_wall,
          aquarium_subvault_bridge, aquarium_subvault_wall,
          aquarium_subvault_bridge], aquarium_bridge_square
          [aquarium_subvault_wall, aquarium_subvault_bridge,
          aquarium_subvault_window, aquarium_subvault_bridge],
          aquarium_window_corridor_2, aquarium_window_fake,
          aquarium_window_fake, aquarium_window_1, aquarium_view_2b,
          aquarium_view_2e, aquarium_pool_1, shapermc_ecumenical_altar_ellora,
          st_stairs_3
D:2:      layout_basic
D:3:      layout_rooms, gammafunk_ghost_arena, minmay_misc_feat_enclosed
D:4:      layout_rooms, temple_pool_b, uniq_pikel
Temple:   compressed_dpeg_triangle_lava_temple

Table legend: (Time is in decaauts)
 A = Elapsed time spent in this place.
 B = Non-inter-level travel time spent in this place.
 C = Inter-level travel time spent in this place.
 D = Time resting spent in this place.
 E = Time spent auto-exploring this place.
 F = Levels seen in this place.
 G = Mean time per level.
                   A        B        C        D        E       F      G
               +--------+--------+--------+--------+--------+-----+--------+
         Total |   2489 |   2421 |     68 |     45 |   1787 |   5 |  497.8 |
       Dungeon |   2474 |   2406 |     68 |     45 |   1787 |   4 |  618.5 |
        Temple |     14 |     14 |      0 |      0 |      0 |   1 |   14.0 |
               +--------+--------+--------+--------+--------+-----+--------+

Top non-repeatable levels by time:
     D:1: 1139 daAuts
     D:2: 623 daAuts
     D:3: 427 daAuts
     D:4: 284 daAuts
  Temple: 14 daAuts

Table legend:
 A = Kills in this place as a percentage of kills in the entire game.
 B = Kills by you in this place as a percentage of kills by you in the entire game.
 C = Kills by friends in this place as a percentage of kills by friends in the entire game.
 D = Other kills in this place as a percentage of other kills in the entire game.
 E = Experience gained in this place as a percentage of experience gained in the entire game.
 F = Experience gained in this place divided by the number of levels of this place that you have seen.
                   A       B       C       D       E      F
               +-------+-------+-------+-------+-------+----------------------
         Total | 100.0 | 100.0 |   N/A |   N/A | 100.0 | 156.8
       Dungeon | 100.0 | 100.0 |   N/A |   N/A | 100.0 | 196.0
               +-------+-------+-------+-------+-------+----------------------
